 Dungeon Crawl Stone Soup version 0.28-a0-1594-ga885d4b3d6 (webtiles) character file.

Game seed: 9160693682286885075

130 wilfster70 the Magician (level 5, -5/35 HPs)
             Began as a Djinni Conjurer on Jan 20, 2022.
             Slain by an ice beast (12 damage)
             ... on level 3 of the Dungeon.
             The game lasted 00:07:02 (3577 turns).

wilfster70 the Magician (Djinni Conjurer)           Turns: 3577, Time: 00:07:03

Health: -5/35      AC:  3    Str:  6    XL:     5   Next: 36%
Gold:   128        EV: 12    Int: 21    God:
                   SH:  5    Dex: 12

rFire   + + .      SeeInvis +   a - +0 dagger (speed)
rCold   x . .      Faith    .   (no shield)
rNeg    . . .      Spirit   .   g - +1 robe
rPois   ∞          Reflect  +   (no helmet)
rElec   .          Harm     .   (no cloak)
rCorr   .          Rampage  .   (no gloves)
Will    .....                   (boots unavailable)
Stlth   ++........              c - amulet of Moral Flaws {Reflect Slay+2 SH+5 SInv}
HPRegen 0.11/turn               (no ring)
MPRegen 0.00/turn               (no ring)

@: flying
A: sickness immunity, fire resistance 2, cold vulnerability 1, float, innate
caster, hp casting, extra vitality 1
a: no special abilities


You were on level 3 of the Dungeon.
You visited 1 branch of the dungeon, and saw 3 of its levels.

You collected 128 gold pieces.

Inventory:

Hand Weapons
 a - a +0 dagger of speed (weapon)
 b - a +0 hunting sling
Missiles
 f - 78 stones
Armour
 g - a +1 robe (worn)
Jewellery
 c - the amulet of Moral Flaws (around neck) {Reflect Slay+2 SH+5 SInv}
   (You acquired it on level 1 of the Dungeon)

   [amulet of reflection]

   It reflects blocked missile attacks.
   Slay:      It affects your accuracy & damage with ranged weapons and melee
   (+2).
   SInv:      It lets you see invisible.
   SH:        It affects your SH (+5).
Scrolls
 i - a scroll of holy word {unknown}
 j - a scroll of enchant armour
Potions
 d - a potion of curing
 e - a potion of lignification
 h - 2 potions of attraction {unknown}
 l - a potion of resistance {unknown}


   Skills:
 - Level 2.1 Dodging
 - Level 1.5 Stealth
 + Level 4.9 Spellcasting


You couldn't memorise any spells.
You knew the following spells:

 Your Spells              Type           Power      Damage    Failure   Level
a - Magic Dart            Conj           100%       1d8       1%          1
b - Searing Ray           Conj           52%        2d6       2%          2
c - Dazzling Flash        Conj/Hex       52%        N/A       4%          3
d - Fulminant Prism       Conj/Hex       13%        3d9       14%         4
e - Iskenderun's Mystic   Conj/Tloc      26%        2d7       14%         4
f - Animate Skeleton      Necr           52%        N/A       1%          1
g - Poisonous Vapours     Pois/Air       52%        N/A       2%          2
Your spell library was empty.

Dungeon Overview and Level Annotations

Branches:
Dungeon (3/15)

Altars:
Zin


Innate Abilities, Weirdness & Mutations

You are immune to sickness and miasma.
You are immune to poison.
Your flesh is very heat resistant. (rF++)
You are vulnerable to cold. (rC-)
You float through the air rather than walking.
You learn spells naturally, not from books.
Your magical power is your life essence.
You have superior vitality. (+4 MHP)


Message History

Aiming: Searing Ray (safe; 2% risk of failure)
Press: ? - help, Shift-Dir - straight line, f/p - orc wizard
Aim: an orc wizard, wielding a +0 dagger and wearing a +0 robe (heavily wounded, 74% to hit)
The searing ray hits the orc!
You kill the orc!
The searing ray hits the orc wizard!
You kill the orc wizard! (Press . to maintain the ray.)
An orc comes into view. It is wielding a +0 dagger.
The searing ray hits the ice beast!
The ice beast is moderately wounded.
The searing ray hits the ice beast.
The ice beast is heavily wounded.
The searing ray hits the orc!
You kill the orc!
The searing ray hits the ice beast.
The ice beast is heavily wounded.
You finish channelling your searing ray.
The ice beast closely misses you.
Casting: Searing Ray (safe; 2% risk of failure)
Confirm with . or Enter, or press ? or * to list all spells.
Aiming: Searing Ray (safe; 2% risk of failure)
Press: ? - help, Shift-Dir - straight line, f - ice beast
Aim: an ice beast (heavily wounded, 79% to hit)
The searing ray hits the ice beast!
The ice beast is severely wounded. (Press . to maintain the ray.)
The ice beast hits you. The ice beast freezes you!
You feel a terrible chill!
* * * LOW HITPOINT WARNING * * *
The searing ray hits the ice beast.
The ice beast is almost dead.
* * * LOW HITPOINT WARNING * * *
The ice beast hits you but does no damage.
The searing ray hits the ice beast.
The ice beast is almost dead.
* * * LOW HITPOINT WARNING * * *
The ice beast hits you.
* * * LOW HITPOINT WARNING * * *
The ice beast freezes you!
You feel a terrible chill!
You die...

#......# ##.#.....
#......# #.# .#..
######......#.####
#†#
.....'......#Y...#
#.# ######......#
#)# #.# #......#
#)# #.#####
######## #.#
#.....# #Y#
#.###†# #@# #.#
#.####
#.#######.###.....
#..............###
#########.........
######.### #.# #.#
#.# #.#


You could see an ice beast.

Vanquished Creatures
  2 orc wizards (D:3)
  2 adders
  5 orcs (D:3)
  7 endoplasms
  2 giant cockroaches
  4 goblins
  6 hobgoblins
  3 jackals (D:1)
  6 quokkas
  8 ball pythons
  3 bats
  A frilled lizard (D:3)
  2 kobolds
  2 rats
53 creatures vanquished.

Notes
Turn   | Place    | Note
-------+----------+-------------------------------------------
     0 | D:1      | wilfster70 the Djinni Conjurer began the quest for the Orb.
     0 | D:1      | Reached XP level 1. HP: 15/15 MP: 0/0
   242 | D:1      | Reached XP level 2. HP: 18/21 MP: 0/0
   305 | D:1      | Identified a scroll of acquirement
   305 | D:1      | Acquired the amulet of Moral Flaws {Reflect Slay+2 SH+5
                  | SInv}
   614 | D:1      | Found a faded altar of an unknown god.
  1295 | D:1      | Reached XP level 3. HP: 23/25 MP: 0/0
  1295 | D:1      | Learned a level 1 spell: Animate Skeleton
  1803 | D:2      | Reached skill level 4 in Spellcasting
  2387 | D:2      | Reached XP level 4. HP: 28/31 MP: 0/0
  2775 | D:2      | Found a glowing silver altar of Zin.
  3375 | D:3      | Reached XP level 5. HP: 26/35 MP: 0/0
  3375 | D:3      | Learned a level 2 spell: Poisonous Vapours
  3565 | D:3      | Noticed an ice beast
  3577 | D:3      | Slain by an ice beast

Illustrated notes

Levels and vault maps discovered:
D:1:      dpeg_arrival_rooms_c, layout_basic, ebering_ecumenical_altar_petrified
D:2:      layout_basic, basic_altar
D:3:      layout_basic

Skill      XL: |  1  2  3 |
---------------+----------+-----
Spellcasting   | 4 |  4.9
Dodging        | |  2.1
Stealth        | |  1.5

Action                   |  1- 3 |  4- 6 || total
-------------------------+-------+-------++-------
Melee: Dagger            |     4 |     5 ||     9
 Cast: Magic Dart        |    12 |       ||    12
       Searing Ray       |    28 |    22 ||    50
  Use: Scroll            |     1 |     4 ||     5
Armor: Robe              |     1 |     4 ||     5
Dodge: Dodged            |    16 |     8 ||    24
Block: Other             |     2 |     5 ||     7
       Reflection        |       |     1 ||     1

Table legend: (Time is in decaauts)
 A = Elapsed time spent in this place.
 B = Non-inter-level travel time spent in this place.
 C = Inter-level travel time spent in this place.
 D = Time resting spent in this place.
 E = Time spent auto-exploring this place.
 F = Levels seen in this place.
 G = Mean time per level.
                   A        B        C        D        E       F      G
               +--------+--------+--------+--------+--------+-----+--------+
         Total |   3574 |   3499 |     75 |    764 |   1894 |   3 | 1191.3 |
       Dungeon |   3574 |   3499 |     75 |    764 |   1894 |   3 | 1191.3 |
               +--------+--------+--------+--------+--------+-----+--------+

Top non-repeatable levels by time:
     D:1: 1764 daAuts
     D:2: 1396 daAuts
     D:3: 414 daAuts
